 Dungeon Crawl Stone Soup version 0.28.0 (webtiles) character file.

Game seed: 9484798209780791604

48 croobank the Skirmisher (level 3, -3/33 HPs)
             Began as a Hill Orc Fighter on Feb 16, 2022.
             Succumbed to a kobold's poison
             ... on level 3 of the Dungeon.
             The game lasted 00:05:13 (1400 turns).

croobank the Skirmisher (Hill Orc Fighter)          Turns: 1400, Time: 00:05:14

Health: -3/33      AC:  7    Str: 20    XL:     3   Next: 72%
Magic:  3/3        EV:  9    Int:  8    God:
Gold:   109        SH:  4    Dex: 10    Spells: 2/2 levels left

rFire   . . .      SeeInvis .   a - +0 war axe
rCold   . . .      Faith    .   c - +0 buckler
rNeg    . . .      Spirit   .   o - +0 scale mail
rPois   .          Reflect  .   (no helmet)
rElec   .          Harm     .   (no cloak)
rCorr   .          Rampage  .   (no gloves)
Will    .....                   (no boots)
Stlth   ..........              (no amulet)
HPRegen 0.11/turn               (no ring)
MPRegen 0.08/turn               (no ring)

@: mighty, lethally poisoned (-3 -> -23)
A: no striking features
a: no special abilities


You were on level 3 of the Dungeon.
You visited 1 branch of the dungeon, and saw 3 of its levels.

You collected 109 gold pieces.

Inventory:

Hand Weapons
 a - a +0 war axe (weapon)
 b - a +0 hunting sling
Missiles
 e - 9 poisoned darts (quivered)
 f - 31 arrows
 g - 3 boomerangs
 h - 42 bolts
 j - 78 stones
 m - 34 sling bullets
Armour
 c - a +0 buckler (worn)
 o - a +0 scale mail (worn)
Wands
 l - a wand of mindburst (21)
Scrolls
 k - a scroll of summoning {unknown}
 p - a scroll of teleportation {unknown}


   Skills:
 + Level 4.2 Fighting
 + Level 3.4 Axes
 + Level 3.8 Armour
 + Level 3.7 Shields


You had 2 spell levels left.
You didn't know any spells.
Your spell library contained the following spells:

 Spells                   Type           Power      Damage    Failure   Level
 Summon Guardian Golem    Hex/Summ       0%         N/A       99%         3
 Orb of Destruction       Conj           0%         9d5       100%        7
 Spellforged Servitor     Conj/Summ      0%         N/A       100%        7


Dungeon Overview and Level Annotations

Branches:
Dungeon (3/15)

Altars:
Ashenzari


Message History

You see here a +0 short sword.
You now have 100 gold pieces (gained 12).
Found a broken altar of Ashenzari.
There is a broken altar of Ashenzari here.
You now have 109 gold pieces (gained 9).
A kobold comes into view.
It is wielding a +1 short sword of venom.
The kobold shouts!
The kobold hits you but does no damage.
You are poisoned.
You closely miss the kobold.
You feel very sick. The kobold barely misses you.
You completely miss the kobold.
You feel very sick. You block the kobold's attack.
You closely miss the kobold.
You feel sick. The kobold closely misses you.
The kobold hits you but does no damage.
You are more poisoned.
You closely miss the kobold.
You feel very sick. The kobold barely misses you.
You closely miss the kobold.
You feel very sick.
The kobold hits you with a +1 short sword of venom.
You block the kobold's attack.
You hit the kobold.
The kobold is moderately wounded.
You feel sick.
The kobold hits you with a +1 short sword of venom.
* * * LOW HITPOINT WARNING * * *
You are lethally poisoned!
You feel very mighty all of a sudden.
* * * LOW HITPOINT WARNING * * *
You feel very sick.
The kobold hits you with a +1 short sword of venom.
* * * LOW HITPOINT WARNING * * *
You are more poisoned.
You slash the kobold!
You kill the kobold!
You die...

.##############.##.##.###.#
.## #.......###.# ..#
###.###..#..# ..#
####.###..#..# ..#
#........._..# ..#
#.##.##...#..# #.#
#...#...#......... ..#
#......###........ ..#
#@..#..###........ .<#
#..).....###.#...### .<#
###.####.....#...# ..# #.#
####.##...# ### #.# #. ...#
# ..# ###


There were no monsters in sight!

Vanquished Creatures
  A gnoll (D:1)
  A dart slug (D:1)
  A ball python (D:1)
  An endoplasm (D:1)
  4 giant cockroaches (D:1)
  4 hobgoblins
  5 jackals (D:1)
  4 bats
  3 frilled lizards
  3 goblins
  5 kobolds
  2 rats
34 creatures vanquished.

Vanquished Creatures (others)
  12 plants (D:2)
12 creatures vanquished.

Grand Total: 46 creatures vanquished

Notes
Turn   | Place    | Note
-------+----------+-------------------------------------------
     0 | D:1      | croobank the Hill Orc Fighter began the quest for the Orb.
     0 | D:1      | Reached XP level 1. HP: 19/19 MP: 1/1
    35 | D:1      | Noticed an ogre
   235 | D:1      | Reached XP level 2. HP: 27/27 MP: 2/2
   256 | D:1      | Reached skill level 4 in Fighting
   369 | D:1      | Reached XP level 3. HP: 26/33 MP: 3/3
  1368 | D:3      | Found a broken altar of Ashenzari.
  1400 | D:3      | Succumbed to a kobold's poison

Illustrated notes

Levels and vault maps discovered:
D:1:      evilmike_arrival_come_back, layout_loops_ring
D:2:      layout_rooms, minivault_23, serial_bayou_lagoon_a
D:3:      layout_loops_cross, mainiacjoe_overflow_concentric_impassable,
          cheibrodos_ashenzari_chains, tso_metal_star,
          nicolae_vehumet_altar_sigil, serial_glass, glass_columns_b,
          glass_columns_a, kennysheep_orc_chapel

Skill      XL: |  1  2 |
---------------+-------+-----
Axes           | 3 |  3.4
Fighting       | 4 |  4.2
Armour         | |  3.8
Shields        | |  3.7

Action                   || total
-------------------------++-------
Melee: War axe           ||   104
  Use: Scroll            ||     1
       Potion            ||     1
Armor: Scale mail        ||    47
Dodge: Dodged            ||    64
Block: Buckler           ||    22
